 Dungeon Sprint DCSS version 0.22-a0-305-gd21a89c (webtiles) character file.

112 Kidiri the Skirmisher (level 4, -8/31 HPs)
             Began as a Gargoyle Fighter on Apr 1, 2018.
             Mangled by a human
             ... wielding a +0 mace
              (10 damage)
             ... in the Dungeon (Sprint III: "The Ten Rune Challenge").
             The game lasted 00:03:05 (609 turns).

Kidiri the Skirmisher (Gargoyle Fighter)             Turns: 609, Time: 00:03:06

Health: -8/31      AC: 12    Str: 20    XL:     4   Next: 95%
Magic:  4/4        EV:  8    Int:  9    God:
Gold:   13         SH:  9    Dex:  9    Spells: 3/3 levels left

rFire    . . .     SeeInvis .   a - +0 long sword
rCold    . . .     Gourm    .   c - +0 shield
rNeg     + . .     Faith    .   b - +0 scale mail
rPois    ∞         Spirit   .   (helmet restricted)
rElec    +         Reflect  .   d - +0 cloak {rPois}
rCorr    .         Harm     .   (no gloves)
MR       .....     NoTele   +   (no boots)
Stlth    +.........             (no amulet)
HPRegen  0.10/turn              (no ring)
MPRegen  0.09/turn              (no ring)

@: berserk cooldown, hasted and slowed, invisible
A: horns 1, negative energy resistance 1, electricity resistance, unbreathing,
petrification resistance, rot immunity, MP-powered wands, AC +3
a: no special abilities


You were in the Dungeon.
You were not hungry.

You visited 1 branch You collected 13 gold pieces.

Inventory:

Hand Weapons
 a - a +0 long sword (weapon)
Missiles
 l - 6 tomahawks (quivered)
Armour
 b - a +0 scale mail (worn)
 c - a +0 shield (worn)
 d - a +0 cloak of poison resistance (worn)
Scrolls
 k - a scroll of blinking
 n - 2 scrolls of immolation
 p - 2 scrolls of remove curse
Potions
 i - 2 potions of magic
 q - 4 potions of flight
 r - a potion of invisibility
Comestibles
 f - 3 rations


   Skills:
 * Level 5.4 Fighting
 * Level 3.9 Long Blades
 + Level 2.2 Throwing
 * Level 5.4 Armour
 + Level 1.9 Dodging
 + Level 3.0 Stealth
 * Level 5.3 Shields


You had 3 spell levels left.
You didn't know any spells.

Dungeon Overview and Level Annotations

Branches:
Dungeon (1/1)

Altars:
Okawaru
Trog
Uskayaw
Wu Jian
Beogh


Innate Abilities, Weirdness & Mutations

You are resistant to torment.
Your stone body is resilient. (AC +3)
You are immune to poison.
You resist negative energy. (rN+)
You are resistant to electric shocks. (rElec)
You can survive without breathing.
You are immune to petrification.
You are immune to rotting.
You have a pair of small horns on your head.
You expend magic power (3 MP) to strengthen your wands.


Message History

You are no longer berserk.
You are exhausted.
You feel yourself slow down. The human hits you but does no damage.
The human hits you!
* * * LOW HITPOINT WARNING * * *
You feel yourself speed up. The human closely misses you. The human hits you.
* * * LOW HITPOINT WARNING * * *
The human barely misses you.
You riposte.
You hit the human but do no damage.
The human is severely wounded.
Unknown command.
Press < or > to pray at altars.
You slash the human!
The human is almost dead.
The human hits you but does no damage. x2; The human hits you!
* * * LOW HITPOINT WARNING * * *
Unknown command.
Press < or > to pray at altars.
You fade into invisibility!
The human hits you with a mace!
You die...

▓ ▓▓▓ #### ##.# #####
...#####..# #__p#
....#..#..# #_@p#
#...#..#..###+#'###+##
##..##+#..#..........#
##..###...'.⌠........#
#..####...#...######+#
#..###....#.⌠.#
...##.....#...#
...#.)....#+###
.##.#.....#


You could see 2 humans.

Vanquished Creatures
  A water elemental (D)
  Crazy Yiuf (D)
  A human (D)
  2 oozes (D)
  2 rats (D)
7 creatures vanquished.

Vanquished Creatures (others)
  2 draconian scorchers (D)
  2 yaktaurs (D)
  6 hellions (D)
  A plant (D)
11 creatures vanquished.

Grand Total: 18 creatures vanquished

Notes
Turn   | Place    | Note
-------+----------+-------------------------------------------
     0 | D        | Kidiri the Gargoyle Fighter began the quest for the Orb.
     0 | D        | Reached XP level 1. HP: 14/14 MP: 1/1
    11 | D        | Reached skill level 1 in Stealth
    16 | D        | Reached XP level 2. HP: 20/20 MP: 2/2
    76 | D        | Killed a hellion
    88 | D        | Killed a yaktaur
    90 | D        | Killed a hellion
    99 | D        | Reached skill level 1 in Throwing
    99 | D        | Reached skill level 1 in Dodging
    99 | D        | Reached XP level 3. HP: 13/24 MP: 3/3
   110 | D        | Killed a hellion
   111 | D        | Killed a white draconian scorcher
   132 | D        | Killed a hellion
   185 | D        | Killed a hellion
   187 | D        | Killed a hellion
   199 | D        | Killed a white draconian scorcher
   218 | D        | Killed a yaktaur
   234 | D        | Noticed Crazy Yiuf
   240 | D        | Killed Crazy Yiuf
   240 | D        | Reached XP level 4. HP: 14/30 MP: 4/4
   269 | D        | Gained mutation: Armour fits poorly on your strangely shaped body. [potion of mutation]
   269 | D        | Gained mutation: Your muscles are strong. (Str +2) [potion of mutation]
   269 | D        | Gained mutation: You are somewhat resistant to further mutation. [potion of mutation]
   270 | D        | Lost mutation: Armour fits poorly on your strangely shaped body. [potion of mutation]
   270 | D        | Lost mutation: Your muscles are strong. (Str +2) [potion of mutation]
   270 | D        | Gained mutation: You have a pair of small horns on your head. [potion of mutation]
   271 | D        | Lost mutation: You have a pair of small horns on your head. [potion of mutation]
   271 | D        | Lost mutation: You are somewhat resistant to further mutation. [potion of mutation]
   271 | D        | Gained mutation: You are weak. (Str -2) [potion of mutation]
   271 | D        | Gained mutation: You are frail. (-10% HP) [potion of mutation]
   271 | D        | Gained mutation: Your mind is acute. (Int +2) [potion of mutation]
   272 | D        | Lost mutation: You are weak. (Str -2) [potion of mutation]
   272 | D        | Lost mutation: You are frail. (-10% HP) [potion of mutation]
   272 | D        | Lost mutation: Your mind is acute. (Int +2) [potion of mutation]
   272 | D        | Gained mutation: You expend magic power (3 MP) to strengthen your wands. [potion of mutation]
   272 | D        | Gained mutation: You have a pair of small horns on your head. [potion of mutation]
   414 | D        | Noticed a water elemental
   433 | D        | Killed a water elemental
   433 | D        | Reached skill level 5 in Fighting
   433 | D        | Reached skill level 5 in Armour
   433 | D        | Reached skill level 5 in Shields
   592 | D        | Found a hide-covered altar of Uskayaw.
   592 | D        | Found an iron altar of Okawaru.
   593 | D        | Found a roughly hewn altar of Beogh.
   593 | D        | Found a bloodstained altar of Trog.
   593 | D        | Found an ornate altar of the Wu Jian Council.
   593 | D        | Noticed a human
   593 | D        | Noticed a human
   609 | D        | Mangled by a human

Vault maps used:
D:        dungeon_sprint_mu

Skill      XL: |  1  2  3  4 |
---------------+-------------+-----
Long Blades    | 2 3 |  3.9
Stealth        | 1 2 3 |  3.0
Fighting       | 4 5 |  5.4
Throwing       | 1 2 |  2.2
Armour         | 4 5 |  5.4
Dodging        | 1 |  1.9
Shields        | 4 5 |  5.3

Action                   |  1- 3 |  4- 6 || total
-------------------------+-------+-------++-------
Melee: Long sword        |    52 |    24 ||    76
       Headbutt          |       |     3 ||     3
Throw: Tomahawk          |     3 |     1 ||     4
  Use: Potion            |     2 |     8 ||    10
       Scroll            |       |     3 ||     3
Armor: Scale mail        |    20 |    12 ||    32
Dodge: Dodged            |    15 |    13 ||    28
Block: Shield            |    20 |    12 ||    32
       Rpst.: Long sword |     2 |     4 ||     6

Table legend:
 A = Spawn XP
 B = Non-spawn XP
 C = Spawn XP percentage of total XP
 D = Spawn monster count
 E = Non-spawn monster count
 F = Spawn count percentage of total count
 G = Total turns spent on level
                    A         B        C        D         E        F      G
               +---------+---------+-------+---------+---------+-------+---------
         Total |       0 |     161 |   0.0 |       0 |       7 |   0.0 |   609
               +---------+---------+-------+---------+---------+-------+---------
             D |       0 |     161 |   0.0 |       0 |       7 |   0.0 |   609
               +---------+---------+-------+---------+---------+-------+---------
